Cogmind - Beta 14 *** ADVENTURER MODE // 2024.08.31 @ 14:53:08 Player: LegoMDS Result: Destroyed by Y-45 Defender with Beam Rifle Performance ------------- Evolutions (2) 1000 Regions Visited (4) 800 Robots Destroyed (76) 380 Value Destroyed (2552) 2552 Prototype IDs (11) 220 Alien Tech Used (0) 0 Bonus (413) 413 TOTAL SCORE: 5365 Bonus ------- High Alert Combat Kills 413 Cogmind --------- Core Integrity 0/550 Matter 300/300 Energy 16/100 System Corruption 1% Temperature Cool (9) Movement Flying (102) Ox1 Location -8/Storage Parts ------- > --- POWER (1) -------- (None) > --- PROPULSION (3) --- Improved Flight Unit Improved Flight Unit Improved VTOL Module > --- UTILITY (4) ------ Cryofiber Web Medium Storage Unit Advanced Weight Redist. System Advanced Targeting Computer > --- WEAPON (3) ------- Flak Cannon Scythe > --- INVENTORY (10) --- Advanced Heat Sink Subdweller Optics Hacking Suite System Shield Flak Cannon Flak Cannon Subdweller Shrapnel Launcher Improved Datajack Peak State ------------ > --- POWER ------------ Light Nuclear Core > --- PROPULSION ------- Improved Flight Unit Improved Flight Unit Improved VTOL Module > --- UTILITY ---------- Cryofiber Web Advanced Weight Redist. System Advanced Visual Processing Unit Improved Targeting Computer > --- WEAPON ----------- Advanced Beam Rifle Minigun Improved Datajack > --- INVENTORY -------- Improved Flight Unit Subdweller Optics Hacking Suite System Shield Subdweller Shrapnel Launcher [Rating: 35] Favorites ----------- Power Light Nuclear Core Engine Subdweller Power Source Power Core Light Nuclear Core Propulsion Aluminum Leg Leg Aluminum Leg Wheel Subdweller Monowheel Flight Unit Improved Flight Unit Utility Small Storage Unit Device Structural Scanner Storage Small Storage Unit Processor Advanced Visual Processing Unit Protection Scrap Shield Weapon Light Cannon Energy Gun Advanced Beam Rifle Energy Cannon EM Pulse Cannon Ballistic Gun Minigun Ballistic Cannon Light Cannon Launcher Subdweller Shrapnel Launcher Special Weapon Mining Laser Slashing Weapon Scythe Piercing Weapon Makeshift Spear Special Melee Weapon Improved Datajack Build | -11 -10 -10 -8 -8 ------- Run | Yrd Mat Sub Mat Sto Slots Evolved 4 | . . . 4 . Power . | . . . . . Propulsion 1 | . . . 1 . Utility 2 | . . . 2 . Weapon 1 | . . . 1 . Parts Attached 77 | 6 7 18 33 13 Power 11 | 1 1 3 3 3 Engine 6 | 1 1 3 1 . Core 5 | . . . 2 3 Reactor . | . . . . . Propulsion 25 | 2 2 7 10 4 Treads . | . . . . . Leg 11 | 2 2 6 1 . Wheel 1 | . . 1 . . Hover . | . . . . . Flight 13 | . . . 9 4 Utility 16 | 1 1 . 10 4 Device 8 | . 1 . 5 2 Storage 2 | 1 . . . 1 Processor 3 | . . . 2 1 Hackware . | . . . . . Protection 3 | . . . 3 . Artifact . | . . . . . Weapon 25 | 2 3 8 10 2 Energy Gun 12 | 2 1 4 5 . Energy Cannon 1 | . . . 1 . Ballistic Gun 2 | . . 1 1 . Ballistic Cannon 4 | . 1 1 1 1 Launcher 1 | . . 1 . . Special Weapon 1 | . 1 . . . Impact Weapon . | . . . . . Slashing Weapon 1 | . . . . 1 Piercing Weapon 1 | . . 1 . . Special Melee Weapon 2 | . . . 2 . Unidentified Prototypes 3 | . . . 3 . Parts Lost 14 | . . . 10 4 Power 3 | . . . 1 2 Propulsion 5 | . . . 5 . Utility 2 | . . . 2 . Weapon 4 | . . . 2 2 Highest Loss Streak 10 | . . . 10 2 To Critical Strikes 1 | . . . 1 . Average Slot Usage (%) 94 | . 94 100 85 97 Engine 8 | . 14 14 6 1 Core 2 | . . . 2 6 Leg 15 | . 27 28 6 . Flight 11 | . . . 18 27 Device 13 | . 9 14 13 17 Storage 8 | . 14 14 2 3 Processor 5 | . . . 9 14 Energy Gun 10 | . 13 12 9 4 Ballistic Gun 2 | . . . 2 8 Ballistic Cannon 7 | . 12 10 1 4 Slashing Weapon 1 | . . . . 6 Piercing Weapon 1 | . . . 3 . Special Melee Weapon 1 | . . . 4 2 Peak Build Rating 35 | 6 7 16 30 35 Average Rating 18 | 4 6 10 24 33 On Entrance 11 | . 6 7 16 30 Naked Turns . | . . . . . Heaviest Build 43 | 12 16 23 43 27 Greatest Support 40 | 20 20 30 40 24 Greatest Overweight (x) 4 | . 4 2 1 1 Average Overweight (x) . | . . . . . Largest Inventory Capacity 10 | 8 8 8 8 10 Average Capacity 7 | 7 8 8 5 7 Most Carried 9 | 5 8 8 7 9 Average Carried 6 | 1 6 7 4 6 Final Capacity 10 | 8 8 8 5 10 Final Carried 8 | 2 8 8 5 8 Class Distribution -------------------- 61% | Mutant 18% | Sprinter 13% | Scavenger-Sprinter 3% | Scavenger-Mutant 3% | Subdweller-Mutant Dominant Class ---------------- Mutant | -10/Materials Mutant | -10/Subcaves Scavenger-Sprinter | -8/Materials Sprinter | -8/Storage Resources | -11 -10 -10 -8 -8 ----------- Run | Yrd Mat Sub Mat Sto Matter Collected 1726 | 224 111 313 427 651 Remotely . | . . . . . Salvage Created 2615 | . 206 267 1024 1118 Parts 178 | . 9 21 72 76 Haulers Intercepted 3 | . . . 1 2 Recyclers Shooed 1 | . . . . 1 Parts Field Recycled . | . . . . . Retrieved Matter . | . . . . . Parts Self-Destructed 3 | . . 3 . . Prevented . | . . . . . Kills | -11 -10 -10 -8 -8 ------- Run | Yrd Mat Sub Mat Sto Combat Hostiles Destroyed 61 | . 4 7 27 23 Melee 8 | . . . 8 . Guns 36 | . . 5 15 16 Cannons 15 | . 4 2 2 7 AOE 1 | . . . 1 . Classes Destroyed 9 | . 2 2 3 2 Hauler 3 | . . . 1 2 Recycler 1 | . . . 1 . Operator 2 | . . . . 2 Watcher 9 | . 3 . 4 2 Swarmer 14 | . . . 14 . Grunt 23 | . 4 . 8 11 Duelist 1 | . . . . 1 Sentry 17 | . . 1 5 11 Subdweller 6 | . . 6 . . Best Kill Streak 8 | . 2 2 8 8 Combat Bots Only 8 | . 2 2 8 6 Max Kills in Single Turn 2 | . 1 1 2 2 Gunslinging . | . . . . . Exploded 1 | . . . 1 . Melee 1 | . . . 1 . Uniques/NPCs Destroyed . | . . . . . Combat | -11 -10 -10 -8 -8 -------- Run | Yrd Mat Sub Mat Sto Hostile Shots Fired 391 | . 15 20 273 83 Missed 164 | . 7 7 120 30 Damage Taken 2205 | . 83 183 1292 647 Core 571 | . 8 9 383 171 Absorbed by Shields . | . . . . . Ignored by Resistances 655 | . 25 51 398 181 Regen/Repaired (Parts) 18 | . . . . 18 Core Remaining (%) 96 | 100 . 93 . . Volleys Fired 173 | . 17 21 56 79 Largest 2 | . 2 2 2 2 Hottest 124 | . 100 99 124 86 Shots Fired 302 | . 30 41 88 143 Gun 211 | . 13 20 71 107 Cannon 87 | . 14 21 16 36 Launcher 1 | . . . 1 . Special 3 | . 3 . . . Kinetic 168 | . 14 21 21 112 Thermal 134 | . 16 20 67 31 Explosive . | . . . . . Electromagnetic . | . . . . . Robot Hit Streak 21 | . 11 14 17 21 Robot Miss Streak 4 | . 2 1 3 4 Penetration Max . | . . . . . Secondary Targets . | . . . . . Shots Hit Robots 254 | . 19 33 85 117 Core Hits 140 | . 9 13 42 76 Critical Kills . | . . . . . Critical Parts Destroyed . | . . . . . Critical Strikes 15 | . 1 3 10 1 Burn 14 | . 1 3 9 1 Impale 1 | . . . 1 . Melee Attacks 29 | . . 2 20 7 Impact . | . . . . . Slashing 6 | . . . . 6 Piercing 20 | . . 2 18 . Sneak Attacks 3 | . . . 3 . Combat Hostiles . | . . . . . Follow-up Attacks . | . . . . . Damage Inflicted 5447 | . 311 589 2108 2439 Guns 3033 | . 112 255 1121 1545 Cannons 1645 | . 199 334 318 794 Explosions 92 | . . . 92 . Melee 677 | . . . 577 100 Ramming . | . . . . . Kinetic 2777 | . 199 334 445 1799 Thermal 1993 | . 112 255 1086 540 Explosive . | . . . . . Electromagnetic . | . . . . . Impact . | . . . . . Slashing 100 | . . . . 100 Piercing 577 | . . . 577 . Highest Corruption 1 | . . . 1 1 Average Corruption 1 | . . . 1 1 Corruption Purged . | . . . . . Corruption Blocked . | . . . . . Effects 9 | . . . 2 7 Matter Fused 4 | . . . 2 2 Heat Flow Errors 3 | . . . . 3 Data Loss (minor) 1 | . . . . 1 Alerts 1 | . . . . 1 Overload Shots . | . . . . . Overflow Damage 26 | . . . 26 . Projectiles . | . . . . . Explosions 23 | . . . 23 . Melee 3 | . . . 3 . Knockbacks 11 | . 1 1 . 9 Impact . | . . . . . Kinetic 11 | . 1 1 . 9 Secondary . | . . . . . Self-Inflicted Damage . | . . . . . Shots . | . . . . . Rammed . | . . . . . Targets Rammed . | . . . . . Kicked . | . . . . . Crushed . | . . . . . Highest Temperature 389 | . 168 . 159 389 Average Temperature 92 | . 44 . 59 137 Received Heat Transfer 1074 | . 60 42 549 423 Siege Activations . | . . . . . Robots Corrupted . | . . . . . Combat Hostiles . | . . . . . Parts Fried . | . . . . . Impact Corruptions . | . . . . . Robots Melted 1 | . . . 1 . Combat Hostiles 1 | . . . 1 . Parts Melted 8 | . . 1 6 1 Heat Transferred 4961 | . 407 742 2739 1073 Parts Sabotaged . | . . . . . Parts Stolen . | . . . . . Parts Stripped . | . . . . . Power Chain Reactions . | . . . . . Alert | -11 -10 -10 -8 -8 ------- Run | Yrd Mat Sub Mat Sto Peak Influence 904 | . 153 . 689 904 Initial 232 | . . . . 232 Average 344 | . 54 . 386 611 Maximum Alert Level 3 | . . . 2 3 Low Security (%) 44 | 100 100 . 31 . Level 1 9 | . . . 14 16 Level 2 31 | . . . 54 42 Level 3 13 | . . . . 41 Level 4 . | . . . . . Level 5 . | . . . . . High Security . | . . . . . Max Security . | . . . . . Squads Dispatched 6 | . . . 3 3 Investigation 2 | . . . 1 1 Extermination . | . . . . . Reinforcement 2 | . . . . 2 Assault . | . . . . . Garrison 2 | . . . 2 . Intercept . | . . . . . Searches Triggered . | . . . . . Construction Impeded . | . . . . . Haulers Reinforced . | . . . . . Active Scanning Responses . | . . . . . Cargo Convoy Interrupts . | . . . . . Stealth | -11 -10 -10 -8 -8 --------- Run | Yrd Mat Sub Mat Sto Distress Signals 3 | . . . 1 2 Communications Jammed . | . . . . . Distress Signals . | . . . . . Times Spotted 88 | . 10 7 44 27 Peak Tracking Total 9 | . 2 2 9 3 Tactical Retreats 6 | . . . 5 1 Traps | -11 -10 -10 -8 -8 ------- Run | Yrd Mat Sub Mat Sto Traps Triggered 3 | . 1 . . 2 Indirectly . | . . . . . Trap Hack Attempts . | . . . . . Triggered . | . . . . . Disarmed . | . . . . . Reprogrammed . | . . . . . Reused . | . . . . . Traps Extracted . | . . . . . Installed . | . . . . . Triggered . | . . . . . Machines | -11 -10 -10 -8 -8 ---------- Run | Yrd Mat Sub Mat Sto Machines Disabled 6 | . . . 3 3 Max in Single Turn 1 | . . . 1 1 Garrison Access 1 | . . . 1 . Machines Repaired . | . . . . . Machines Dismantled . | . . . . . Machines Sabotaged . | . . . . . Overloaded Fab Kills . | . . . . . Hacking | -11 -10 -10 -8 -8 --------- Run | Yrd Mat Sub Mat Sto Machines Accessed 17 | . 5 . 3 9 Terminals 14 | . 5 . 2 7 Fabricators . | . . . . . Repair Stations 1 | . . . . 1 Recycling Units 1 | . . . . 1 Scanalyzers . | . . . . . Garrison Access 1 | . . . 1 . Total Hacks 43 | . 10 . 12 21 Successful 23 | . 7 . 3 13 Failed 20 | . 3 . 9 8 Catastrophic . | . . . . . Database Lockouts . | . . . . . Manual 3 | . . . 3 . Terminals 38 | . 10 . 10 18 Fabricators . | . . . . . Repair Stations 2 | . . . . 2 Recycling Units 1 | . . . . 1 Scanalyzers . | . . . . . Garrison Access 2 | . . . 2 . Terminal Hacks 19 | . 7 . 2 10 Part Schematic 4 | . . . . 4 Robot Analysis 3 | . 2 . 1 . Prototype ID Bank 5 | . 3 . . 2 Open Door 2 | . . . . 2 Branch Access Points 1 | . . . 1 . Locate Traps 1 | . 1 . . . Hauler Manifests 2 | . 1 . . 1 Zone Layout 1 | . . . . 1 Fabricator Hacks . | . . . . . Repair Station Hacks 2 | . . . . 2 Scan Component 1 | . . . . 1 Repair 1 | . . . . 1 Recycling Unit Hacks 1 | . . . . 1 Report Inventory 1 | . . . . 1 Scanalyzer . | . . . . . Garrison Access Hacks 1 | . . . 1 . Seal Access 1 | . . . 1 . Unauthorized Hacks . | . . . . . Terminals . | . . . . . Fabricators . | . . . . . Repair Stations . | . . . . . Recycling Units . | . . . . . Scanalyzers . | . . . . . Garrison Access . | . . . . . Data Cores Recovered 1 | . . . . 1 Used 1 | . . . . 1 Hacking Detections 11 | . 4 . 2 5 Full Trace Events 2 | . . . 1 1 Feedback Events . | . . . . . Feedback Blocked . | . . . . . Robot Schematics Acquired . | . . . . . Robots Built . | . . . . . Authchips . | . . . . . Time . | . . . . . Total Robot Build Rating . | . . . . . Part Schematics Acquired 4 | . . . . 4 Parts Built . | . . . . . Authchips . | . . . . . Time . | . . . . . Total Part Build Rating . | . . . . . Parts Repaired 1 | . . . . 1 Time 38 | . . . . 38 Parts Recycled . | . . . . . Recycled Matter . | . . . . . Retrieved Matter . | . . . . . Retrieved Components . | . . . . . Parts Scanalyzed . | . . . . . Part Schematics Acquired . | . . . . . Parts Damaged . | . . . . . Bothacking | -11 -10 -10 -8 -8 ------------ Run | Yrd Mat Sub Mat Sto Used RIF Installer . | . . . . . Robots Hacked 2 | . . . 2 . Non-combat 1 | . . . 1 . Combat 1 | . . . 1 . Robot Hacks Applied 2 | . . . 2 . parse_system 2 | . . . 2 . Relay Couplers Released . | . . . . . Fabnet Peak Effective % . | . . . . . Robots Rewired . | . . . . . Allies Hacked . | . . . . . Hacks Repelled . | . . . . . Allies | -11 -10 -10 -8 -8 -------- Run | Yrd Mat Sub Mat Sto Total Allies . | . . . . . Largest Group . | . . . . . Highest-Rated Group . | . . . . . Highest-Rated Ally . | . . . . . Total Orders . | . . . . . Ally Attacks . | . . . . . Total Damage . | . . . . . Kills . | . . . . . Allies Corrupted . | . . . . . Allies Melted . | . . . . . Intel | -11 -10 -10 -8 -8 ------- Run | Yrd Mat Sub Mat Sto Robot Analysis Total 3 | . 2 . 1 . Derelict Logs Recovered 1 | . . 1 . . Drone Launches . | . . . . . Drone Recoveries . | . . . . . Exploration | -11 -10 -10 -8 -8 ------------- Run | Yrd Mat Sub Mat Sto Turns Passed 2320 | 61 540 579 564 576 Spaces Moved 2054 | 45 387 378 718 526 Core 22 | 19 1 . 2 . Treads . | . . . . . Legs 851 | 26 386 378 61 . Wheels . | . . . . . Hover . | . . . . . Flight 1181 | . . . 655 526 Fastest Speed 32 | 50 120 120 32 32 Average Speed 74 | 90 120 124 42 46 Slowest Speed 260 | 120 250 260 196 102 Overloaded Moves . | . . . . . Propulsion Burnouts . | . . . . . Robots Hopped 1 | . . . . 1 Cave-ins Triggered . | . . . . . Exploration Rate (%) 52 | 4 72 34 65 87 Regions Visited 4 Branch Regions 2 Pre-discovered Areas . | . . . . . Known Exits Taken 1 | . . . 1 . Unknown Exits Taken 3 | 1 1 1 . . Scrap Searched 8 | . . 8 . . Spaces Dug 3 | . 3 . . . Terrain Destroyed 15 | . 3 . 12 . Melee . | . . . . . Projectile 3 | . 3 . . . AOE 12 | . . . 12 . Terrain Rammed . | . . . . . Walls Destroyed . | . . . . . Machines Disabled . | . . . . . Actions | -11 -10 -10 -8 -8 --------- Run | Yrd Mat Sub Mat Sto Total 2530 | 65 423 450 871 721 Wait 88 | 7 . . 7 74 Move 2048 | 44 386 377 717 524 Hop 1 | . . . . 1 Pick Up 50 | 8 10 11 15 6 Fast Attach 23 | . 2 5 10 6 Attach 23 | 6 2 2 13 . Detach 1 | . . . 1 . Swap 31 | . 3 11 10 7 Drop 51 | . 3 21 20 7 Fire 173 | . 17 21 56 79 Melee 29 | . . 2 20 7 Ram . | . . . . . Kick . | . . . . . Crush . | . . . . . Escape Stasis 10 | . . . . 10 Rewire . | . . . . . Trap . | . . . . . Miscellaneous 2 | . . . 2 . Route ------- -11/Scrapyard -10/Materials (discovered 3 exits: [*Mat] / [*Min] / [*Sub]) -10/Subcaves -8/Materials (discovered 4 exits: [*Fac x3] / *Sto) -8/Storage (discovered 1 exit: [*Fac]) History --------- Turn | Location | Event 22 | -11/Scrapyard | Discovered new exit (range 14) 62 | -11/Scrapyard | Entered Materials 304 | -10/Materials | Build established: Mutant 405 | -10/Materials | Discovered new exit (range 14) 470 | -10/Materials | Discovered new exit (range 10) 485 | -10/Materials | Discovered new exit (range 8) 602 | -10/Materials | Entered Subcaves 966 | -10/Subcaves | Discovered new exit (range 10) 1026 | -10/Subcaves | Learned Materials emergency access door positions 1039 | -10/Subcaves | Disturbed a concealed Subdweller 1181 | -10/Subcaves | Entered Materials 1181 | -8/Materials | Evolved 4 slots: Propulsion x1, Utility x2, Weapon x1 1265 | -8/Materials | Garrison activated, responded to threat 1360 | -8/Materials | Core integrity fell below 50% 1414 | -8/Materials | Destroyed 8 combat bots 1445 | -8/Materials | Discovered new exit (range 19) 1452 | -8/Materials | Lost 10 parts (1p5n2u2w) 1507 | -8/Materials | Discovered new exit (range 16) 1613 | -8/Materials | Discovered new exit (range 5) 1646 | -8/Materials | Build established: Scavenger-Sprinter 1654 | -8/Materials | Identified exit to Storage 1733 | -8/Materials | Discovered new exit (range 11) 1745 | -8/Materials | Entered Storage 1961 | -8/Storage | Build established: Sprinter 1968 | -8/Storage | Repaired Adv. Weight Redist. System 2011 | -8/Storage | Core integrity fell below 20% 2127 | -8/Storage | Discovered new exit (range 15) 2321 | -8/Storage | Destroyed by Y-45 Defender with Beam Rifle Last Messages --------------- System corrupted: Heat flow error (+221). Energy bleed averted by Cryofiber Web. Connecting with Terminal... O-16 Technician: "IFF HANDSHAKE FAILED. SECURING TERMINAL." O-16 Technician knocked back. Critical hit (Burn: +37). O-16 Technician uses terminal to summon reinforcements. ALERT: Hostiles spotted, dispatching reinforcements to Terminal S002. O-16 Technician locks terminal. O-16 Technician knocked back. Y-45 Defender destroyed. Minigun destroyed. Lgt. Nuclear Core destroyed. Y-45 Defender destroyed. Acquired 31 matter. Acquired 45 matter. Acquired 134 matter. Map ----- +----------------------------------------------------+ | | | | | | | | | | | | | | | | | | | | | ????????????????????????????????????????????? | | ????????????????????????????????????????????? | | ????????????????????????????????????????????? | | ????????????????????????????????????????????? | | ?????????????????????????########???????????? | | ?????????????????????????# ############# | | ?????????????????????????# + | | ?????????????????????????# # ###?? | | ?????????????????????????# # #???? | | ?????????????????????????# + #???? | | ?????????????????????????# # ##/##/##??? | | ??????????????????????########### # #??? | | ???????????????#####??# #?# # ##?? | | ???????????????#"""####""" #?# # T#?? | | ????????????####"T"# ##""" #?# # """ ##?? | | ????????????# @Y#""" #?# # """ #### | | ????????????# """ """ #""" #?# # """ /!= | | ????????????# """ """ #""" ### ########### | | ????????????# """ """ # / #????????? | | ????????#???# """ """ # " ###!!#????????? | | ????????# ??# """ """ # T #?#%!#????????? | | ????????# ?# # " / #?#==#????????? | | ???????## ## % # #?# !#????????? | | ???????# ##+######+##+####### %[#???????? | | ???????# = [ #???????? | | ???????# ! +???????? | | ???????# ##+#####+########### #???????? | | ???????###### #?????????#+###??????## | | ????????????# """" #????????????????????# | | ????????????# """" #???????????????????## | | ????????????# """" #???????????????????#" | | ????????????# """" #???????????????????#T | | ????????????# #???????????????????#" | | ????????????# ! #??############?????## | | ????????????# [ = #??# #??????# | | ????????????####!######??# #??????# | | ???????????????###???????# #??????# | | ?????????????????????????# ########??????## | | ?????????????#####???????# #############??? | | ????????????##= =##??????# # #### | +----------------------------------------------------+ Best States ------------- Heat Dissipation 45 Energy Generation 15 Energy Capacity 265 Matter Stores 300 Matter Capacity 300 Sight Range 20 Terrain Scan Density 10 Additional Mass Support 9 Base Temperature (-) 100 Armor Coverage 800 Resistance: KI 20 Resistance: TH 20 Resistance: EX 20 Resistance: EM 20 Resistance: I 20 Resistance: S 20 Resistance: P 20 Evasion (%) 63 Targeting Accuracy 8 Offensive Hacking 10 Item Schematics ----------------- Reaction Control System | -8/Storage | Hacked Hpw. Shotgun | -8/Storage | Hacked Lgt. Angular Momentum Engine | -8/Storage | Hacked Adv. Targeting Computer | -8/Storage | Hacked Robot Schematics ------------------ None Fabricated ------------ Nothing Alien Tech Used ----------------- None Achievements -------------- None Challenges ------------ None Game ------ Seed MeleeVariableChainsaw Manual? 0 Play Time 00:31:38 Cumulative 46.3 hours Start 2024.08.31 @ 14:21:50 End 2024.08.31 @ 14:53:08 Sessions 1 Manual Loads 0 Difficulty Adventurer Special Mode None Game No. 59 Rogue 13 Adventurer 46 Explorer 0 Win Type - Total 0 Types 0/0/0/0/0/0/0/0/0 Lore% 39 Gallery% 44 Achievement% 38 Wizard Run 0 Options --------- Layout 1 ASCII 0 Keyboard 0 Movement Mouse Keybinds 0 Fullscreen 1 Font 24/Smallcaps Map View 50x35 Zoom Use 0% Tactical HUD 0 Map Filters NONE Filters NONE Steam 1 RUN: 99afb6b1-bbca-4c37-8d97-a6530ac1a4b6